 Dungeon Crawl Stone Soup version 0.21.1-1-g345015f (webtiles) character file.

686 shakethe the Chopper (level 7, -6/52 HPs)
             Began as a Formicid Fighter on Feb 7, 2018.
             Mangled by a troll (13 damage)
             ... on level 4 of the Dungeon.
             The game lasted 00:07:30 (3671 turns).

shakethe the Chopper (Formicid Fighter)             Turns: 3671, Time: 00:07:31

Health: -6/52      AC:  9    Str: 20    XL:     7   Next: 94%
Magic:  7/7        EV:  8    Int:  8    God:
Gold:   202        SH: 10    Dex: 12    Spells: 6/6 levels left

rFire    . . .     SeeInvis +   a - +0 war axe
rCold    . . .     Gourm    .   c - +0 shield
rNeg     . . .     Faith    .   b - +0 scale mail
rPois    .         Spirit   .   (helmet unavailable)
rElec    .         Reflect  .   w - +1 cloak
rCorr    .         Harm     .   (no gloves)
MR       .....                  (no boots)
Stlth    ..........             (no amulet)
HPRegen  0.17/turn              (no ring)
MPRegen  0.10/turn              (no ring)

@: no status effects
A: permanent stasis, dig shafts and tunnels, four strong arms, antennae 3
a: Dig, Shaft Self


You were on level 4 of the Dungeon.
You were hungry.

You visited 1 branch of the dungeon, and saw 5 of its levels.

You collected 202 gold pieces.

Inventory:

Hand Weapons
 a - a +0 war axe (weapon)
 j - a +0 spear of piercing
 v - the +6 hunting sling of Ditiyre {speed, Int+2, unknown}
   (You found it on level 4 of the Dungeon)

   Attacks with this weapon are significantly faster.
   It affects your intelligence (+2).
Armour
 b - a +0 scale mail (worn)
 c - a +0 shield (worn)
 w - a +1 cloak (worn)
Wands
 y - a wand of paralysis (4)
Scrolls
 e - a scroll of amnesia {unknown}
 g - 10 scrolls of identify {unknown}
 h - a scroll of enchant armour {unknown}
 k - 2 scrolls of enchant weapon {unknown}
 o - 3 scrolls of fog {unknown}
 p - 2 scrolls of immolation {unknown}
 r - a scroll of blinking {unknown}
 s - a scroll of magic mapping {unknown}
 t - a scroll of remove curse {unknown}
 x - a scroll of random uselessness {unknown}
Potions
 d - 2 potions of might
 i - a potion of curing {unknown}
 l - a potion of berserk rage {unknown}
 m - 2 potions of heal wounds {unknown}
 n - a potion of lignification {unknown}
 q - a potion of degeneration {unknown}
 u - a potion of haste
Comestibles
 f - 10 rations


   Skills:
 - Level 3.2 Fighting
 * Level 6.9 Axes
 - Level 3.2 Armour
 + Level 6.6 Shields


You had 6 spell levels left.
You didn't know any spells.

Dungeon Overview and Level Annotations

Branches:
Dungeon (5/15)
 Temple: D:4-7

Altars:


Innate Abilities, Weirdness & Mutations

You cannot be hasted, slowed, berserked, paralysed or teleported.
You can dig through walls and to a lower floor.
Your four strong arms can wield two-handed weapons with a shield.
You have a pair of large antennae on your head. (SInv)


Message History

You are feeling hungry.
You start resting.
HP restored.
There is a stone staircase leading up here.
You see here a club.
The troll shouts!
The troll bites you. You block the troll's attack. The troll claws you!
You slash the troll!
The troll is moderately wounded.
The troll barely misses you. You block the troll's attack.
The troll closely misses you.
You hit the troll.
The troll is moderately wounded.
The troll bites you. You block the troll's attack. The troll claws you!
You hit the troll.
The troll is heavily wounded.
The troll bites you. The troll claws you. The troll claws you!
* * * LOW HITPOINT WARNING * * *
The troll bites you!
You die...

# #..# #.# # ###########..# #.# #
#...T..รท.....## #.# ##
########.#######.....###.# ##.
##....................##.# #..
...####...#####.......##.# #..
.....##...#####..........######..
##............[[.................
#.....#.....)...@T..#.##.########
.......[..######..#.#.##.........
>...#.....# #.....)##.########
#..##.....# #.##.####.# ###
#.........# #.##.# #.######..
######....######.##.# #.........
# #................# ###....... #
#......########### #.####.. #
#....#.# #.# #.#


You could see a troll.

Vanquished Creatures
  Sigmund (D:5)
  Eustachio (D:4)
  A sky beast (D:4)
  A hound (D:4)
  A bullfrog skeleton (D:5)
  An iguana (D:4)
  Ijyb (D:4)
  2 worker ants
  6 adders
  2 shadow imps
  An ooze (D:2)
  A worm (D:3)
  A leopard gecko (D:2)
  An orc (D:3)
  5 giant cockroaches
  5 goblins
  6 hobgoblins
  4 jackals (D:1)
  9 kobolds
  7 ball pythons
  7 bats
  5 frilled lizards
  A jackal skeleton (D:4)
  8 rats (D:1)
78 creatures vanquished.

Notes
Turn   | Place    | Note
-------+----------+-------------------------------------------
     0 | D:1      | shakethe the Formicid Fighter began the quest for the Orb.
     0 | D:1      | Reached XP level 1. HP: 18/18 MP: 1/1
   116 | D:1      | Reached XP level 2. HP: 21/24 MP: 2/2
   470 | D:1      | Reached XP level 3. HP: 28/29 MP: 3/3
   696 | D:2      | Reached XP level 4. HP: 20/35 MP: 4/4
  1487 | D:3      | Reached XP level 5. HP: 41/41 MP: 5/5
  2145 | D:4      | Noticed Eustachio
  2211 | D:4      | Killed Eustachio
  2211 | D:4      | Reached skill level 5 in Axes
  2211 | D:4      | Reached skill level 5 in Shields
  2211 | D:4      | Reached XP level 6. HP: 32/47 MP: 6/6
  2335 | D:4      | Got a shimmering hunting sling
  2641 | D:5      | Entered Level 5 of the Dungeon
  2646 | D:5      | Noticed a troll
  2652 | D:5      | Reached XP level 7. HP: 38/52 MP: 7/7
  2659 | D:5      | Noticed Ijyb
  2930 | D:5      | Noticed Sigmund
  2965 | D:4      | Killed Ijyb
  3168 | D:5      | Killed Sigmund
  3671 | D:4      | Mangled by a troll

Skill      XL: |  1  2  3  4  5  6  7 |
---------------+----------------------+-----
Shields        | 4 5 6 |  6.6
Axes           | 3 4 5 6 |  6.9
Fighting       | |  3.2
Armour         | |  3.2

Action                   |  1- 3 |  4- 6 |  7- 9 || total
-------------------------+-------+-------+-------++-------
Melee: War axe           |    87 |   148 |    41 ||   276
  Eat: Chunk             |       |     5 |       ||     5
       Ration            |       |       |     1 ||     1
Armor: Scale mail        |    34 |    70 |    13 ||   117
Dodge: Dodged            |    18 |    66 |    21 ||   105
Block: Shield            |    41 |   109 |    37 ||   187
